 Dungeon Crawl Stone Soup version 0.29-a0-121-g8efb068a30 (webtiles) character file.

Game seed: 16401296313902491940

58 cyrus the Skirmisher (level 3, 0/29 HPs)
             Began as a Demonspawn Abyssal Knight on Feb 21, 2022.
             Was a Follower of Lugonu.
             Succumbed to an adder's poison
             ... on level 2 of the Dungeon.
             The game lasted 00:04:13 (2286 turns).

cyrus the Skirmisher (Demonspawn Abyssal Knight)    Turns: 2286, Time: 00:04:13

Health: 0/29       AC:  8    Str: 13    XL:     3   Next: 76%
Magic:  4/4        EV:  5    Int: 13    God:    Lugonu [*.....]
Gold:   6          SH:  7    Dex: 13    Spells: 2/2 levels left

rFire   . . .      SeeInvis .   a - +1 falchion
rCold   . . .      Faith    .   s - +0 kite shield
rNeg    . . .      Spirit   .   m - +0 chain mail
rPois   .          Reflect  .   (no helmet)
rElec   .          Harm     .   (no cloak)
rCorr   .          Rampage  .   (no gloves)
Will    .....                   (no boots)
Stlth   ..........              (no amulet)
HPRegen 0.09/turn               (no ring)
MPRegen 0.09/turn               (no ring)

@: lethally poisoned (0 -> -3)
A: sturdy frame 1
a: Renounce Religion, Depart the Abyss


You were on level 2 of the Dungeon.
You worshipped Lugonu.
Lugonu was aware of your devotion.
You visited 1 branch of the dungeon, and saw 2 of its levels.
You visited the Abyss 1 time.

You collected 96 gold pieces.
You spent 90 gold pieces at shops.

Inventory:

Hand Weapons
 a - a +1 falchion (weapon)
Missiles
 c - 6 atropa-tipped darts (quivered)
Armour
 b - a +0 leather armour
 e - a +0 ring mail
 m - a +0 chain mail (worn)
 s - a +0 kite shield (worn)
Wands
 p - a wand of acid (6)
Scrolls
 d - 2 scrolls of magic mapping {unknown}
 f - a scroll of summoning {unknown}
 h - a scroll of fear {unknown}
 j - 2 scrolls of identify {unknown}
 r - a scroll of holy word {unknown}
Potions
 g - a potion of magic {unknown}
 i - a potion of degeneration {unknown}
 k - a potion of mutation {unknown}
 l - a potion of ambrosia {unknown}
 n - a potion of invisibility {unknown}
 o - 2 potions of brilliance {unknown}
 q - a potion of attraction {unknown}


   Skills:
 + Level 3.6 Fighting
 + Level 2.6 Long Blades
 + Level 2.3 Armour
 + Level 1.2 Dodging
 + Level 2.6 Invocations


You had 2 spell levels left.
You didn't know any spells.
Your spell library was empty.

Dungeon Overview and Level Annotations

Branches:
Dungeon (2/15)

Altars:

Shops:
D:1 [


Innate Abilities, Weirdness & Mutations

Your movements are slightly less encumbered by armour. (ER -2)


Message History

You see here a +0 club.
There is a stone staircase leading down here.
You climb downwards.
There is a stone staircase leading up here.
Found a leather armour.
An adder comes into view.
The adder hisses angrily.
An adder is nearby!
You hit the adder but do no damage. The adder bites you.
You miss the adder. The adder bites you.
You are poisoned.
The adder poisons you! The adder completely misses you.
You closely miss the adder.
You feel sick. The adder bites you.
You are more poisoned.
The adder poisons you! The adder bites you.
You are more poisoned.
The adder poisons you!
You miss the adder.
You feel very sick. You block the adder's attack.
The adder bites you but does no damage.
You closely miss the adder.
You feel very sick. You block the adder's attack. The adder barely misses you.
You miss the adder.
You feel sick. The adder completely misses you.
You barely miss the adder.
You feel sick. The adder bites you. The adder barely misses you.
You feel sick.
You feel sick. The adder bites you.
* * * LOW HITPOINT WARNING * * *
You are more poisoned.
The adder poisons you!
You closely miss the adder.
* * * LOW HITPOINT WARNING * * *
You feel sick. The adder bites you but does no damage.
You barely miss the adder.
* * * LOW HITPOINT WARNING * * *
You feel sick. The adder bites you but does no damage. The adder bites you.
* * * LOW HITPOINT WARNING * * *
Unknown command.
You die...

#.####.... ##
#.........
#.######..
#.#######.#
#[........#
##'
#######.###
.... #.#
.....
#.#####......
#.@.S........
#######......
..... ....
##.


You could see an adder.

Vanquished Creatures
  Natasha (D:2)
  A worm (D:2)
  A bat (D:1)
  6 endoplasms (D:1)
  2 giant cockroaches (D:1)
  3 goblins (D:1)
  2 hobgoblins (D:1)
  A jackal (D:1)
  2 quokkas (D:1)
  5 ball pythons
  2 frilled lizards (D:1)
  3 rats (D:1)
29 creatures vanquished.

Notes
Turn   | Place    | Note
-------+----------+-------------------------------------------
     0 | Abyss:1  | cyrus the Demonspawn Abyssal Knight began the quest for the
                  | Orb.
     0 | Abyss:1  | Reached XP level 1. HP: 18/18 MP: 2/2
     0 | D:1      | Escaped the Abyss
   161 | D:1      | Reached * piety under Lugonu
   186 | D:1      | Gained mutation: Your movements are slightly less
                  | encumbered by armour. (ER -2) [demonic ancestry]
   186 | D:1      | Reached XP level 2. HP: 12/24 MP: 3/3
   602 | D:1      | Found Loxoxt's Armour Shoppe.
   792 | D:1      | Reached skill level 1 in Dodging
   989 | D:1      | Found a faded altar of an unknown god.
  1295 | D:1      | Reached XP level 3. HP: 26/29 MP: 4/4
  1559 | D:1      | Bought a +0 chain mail for 45 gold pieces
  1699 | D:2      | Noticed Natasha
  1711 | D:2      | Killed Natasha
  2194 | D:1      | Bought a +0 kite shield for 45 gold pieces
  2285 | D:2      | HP: 1/29 [adder (3)]
  2286 | D:2      | Succumbed to an adder's poison

Illustrated notes

Levels and vault maps discovered:
D:1:      giann_forest_graveyard, layout_loops_corners, serial_shops, shop,
          hellmonk_ecumenical_altar_heavens_door, minmay_tetromino_s2
D:2:      layout_loops_corners, uniq_natasha

Skill      XL: |  1  2 |
---------------+-------+-----
Long Blades    | 2 |  2.6
Dodging        | 1 |  1.2
Armour         | 2 |  2.3
Fighting       | |  3.6
Invocations    | |  2.6

Action                   || total
-------------------------++-------
Melee: Falchion          ||    88
Invok: Depart the Abyss  ||     1
Armor: Ring mail         ||    37
       Leather armour    ||     1
       Chain mail        ||    15
Dodge: Dodged            ||    52
Block: Kite shield       ||     2

Table legend: (Time is in decaauts)
 A = Elapsed time spent in this place.
 B = Non-inter-level travel time spent in this place.
 C = Inter-level travel time spent in this place.
 D = Time resting spent in this place.
 E = Time spent auto-exploring this place.
 F = Levels seen in this place.
 G = Mean time per level.
                   A        B        C        D        E       F      G
               +--------+--------+--------+--------+--------+-----+--------+
         Total |   2311 |   1992 |    319 |    543 |   1030 |   3 |  770.3 |
       Dungeon |   2311 |   1992 |    319 |    543 |   1030 |   2 | 1155.5 |
         Abyss |      0 |      0 |      0 |      0 |      0 |   1 |    0.0 |
               +--------+--------+--------+--------+--------+-----+--------+

Top non-repeatable levels by time:
     D:1: 1790 daAuts
     D:2: 521 daAuts
